Map: Golden Wall LE

Players

Kas - Winner!

  • Race: Terran Terran
  • League: Grandmaster
  • Spawn Location: 7:00

uwuThermal (uThermal)

  • Race: Terran Terran
  • League: Grandmaster
  • Spawn Location: 5:00

Event: DreamHack SC2 Masters 2020 Fall

VOD

Have the link to the VOD?

Description

Time

  • Played on: Sept. 4, 2020, 11:23 a.m.
  • Length: 20:08

All games in this series

Show
View Real Time Build Order
Export as new Build Order

Kas Terran - Winner!

Build Orders: Gas First Reaper Expand, Liberator Opening 

Get SALT Encoding   

  12  0:00  SCV  
  13  0:12  SCV  
  14  0:17  Supply Depot  
  14  0:24  SCV  
  15  0:28  Refinery  
  15  0:38  SCV  
  16  0:45  Barracks  
  16  0:50  SCV  
  17  1:03  SCV  
  18  1:15  SCV  
  19  1:32  Reaper, Orbital Command  
  20  1:53  Command Center  
  20  1:57  SCV  
  21  2:03  Factory  
  21  2:08  Barracks Reactor  
  21  2:12  SCV  
  22  2:16  Refinery  
  22  2:22  Supply Depot  
  22  2:27  SCV  
  23  2:43  SCV  
  24  2:48  Starport  
  24  2:53  Hellion x2  
  24  2:55  SCV  
  29  3:05  Orbital Command  
  29  3:07  SCV  
  30  3:14  Hellion  
  30  3:18  Hellion  
  34  3:22  SCV  
  34  3:26  Liberator  
  39  3:37  Hellion  
  39  3:39  Hellion  
  42  3:41  Supply Depot  
  42  3:44  SCV  
  42  3:45  SCV  
  42  3:47  Barracks Tech Lab  
  44  3:56  SCV  
  44  3:57  SCV  
  46  4:09  Starport Tech Lab  
  46  4:12  SCV  
  46  4:14  SCV  
  46  4:16  Cyclone, Marine  
  52  4:17  Refinery, Marine  
  51  4:24  SCV  
  51  4:28  Raven  
  54  4:35  Supply Depot  
  54  4:41  SCV  
  54  4:42  Marine x2  
  43  4:55  SCV  
  43  4:57  SCV  
  42  5:07  SCV  
  42  5:09  SCV  
  42  5:10  Marine x2  
  46  5:16  Raven  
  46  5:20  SCV  
  49  5:21  SCV  
  49  5:26  Siege Tank  
  49  5:28  Marine x2  
  52  5:32  SCV  
  52  5:34  SCV  
  54  5:35  Command Center  
  54  5:39  Supply Depot  
  54  5:44  SCV  
  54  5:45  Marine  
  54  5:46  SCV, Marine  
  58  5:56  SCV  
  59  5:58  Siege Tank  
  59  6:01  SCV  
  63  6:05  Supply Depot  
  63  6:06  Marine x2  
  63  6:08  SCV  
  63  6:11  Barracks  
  66  6:13  SCV, Barracks  
  67  6:20  SCV, Engineering Bay x2  
  67  6:23  Marine  
  66  6:33  SCV  
  66  6:36  SCV  
  68  6:42  Marine  
  68  6:44  Siege Tank  
  68  6:45  SCV  
  73  6:47  Marine  
  73  6:48  Orbital Command  
  73  6:49  SCV  
  73  6:53  Terran Infantry Weapons Level 1, Terran Infantry Armor Level 1  
  75  6:56  Refinery  
  75  6:57  SCV  
  76  7:05  Barracks Tech Lab x2  
  77  7:08  SCV  
  77  7:13  SCV  
  77  7:14  Supply Depot  
  78  7:15  Barracks Reactor  
  78  7:18  Siege Tank  
  78  7:20  SCV  
  82  7:24  Combat Shield, Marine x2  
  82  7:26  SCV  
  85  7:32  SCV, Missile Turret  
  86  7:37  Viking x2  
  86  7:38  SCV, Orbital Command  
  86  7:42  Marine  
  90  7:46  Marine  
  90  7:50  Siege Tank  
  94  7:51  SCV  
  94  7:53  Marine x2  
  94  7:56  SCV  
  98  8:00  Supply Depot, Marine  
  98  8:01  Supply Depot  
  98  8:02  Supply Depot  
  98  8:03  SCV  
  98  8:04  Marine  
  101  8:17  Armory  
  101  8:21  SCV x3, Medivac x2, Marine  
  101  8:22  Supply Depot  
  101  8:25  Supply Depot  
  109  8:28  Siege Tank  
  109  8:30  Marine  
  109  8:33  SCV x3  
  113  8:45  SCV  
  113  8:47  Marine x2  
  113  8:48  Marine x2  
  115  8:56  Viking x2  
  113  9:05  Marine x4  
  111  9:15  Siege Tank  
  111  9:16  Stimpack  
  114  9:19  SCV  
  114  9:20  Barracks  
  114  9:21  Barracks  
  114  9:23  Marine x4  
  119  9:34  Viking x2  
  119  9:37  SCV  
  123  9:40  SCV, Sensor Tower  
  123  9:41  Marine x4  
  123  9:42  Supply Depot  
  123  9:44  SCV  
  123  9:45  Refinery  
  129  9:52  Supply Depot x2  
  129  9:56  SCV  
  129  9:57  SCV x2  
  129  9:59  Marine x3  
  135  10:03  Supply Depot  
  135  10:06  Viking, Supply Depot  
  135  10:07  Viking, Siege Tank  
  139  10:10  SCV  
  143  10:20  Marine x2  
  143  10:21  Marine x3  
  146  10:22  SCV, Marine  
  150  10:34  SCV  
  151  10:37  Supply Depot  
  151  10:38  Marine x3  
  151  10:39  Marine x2  
  160  10:48  Marine  
  160  10:49  Siege Tank  
  164  10:51  Medivac x2  
  164  10:52  Terran Infantry Weapons Level 2  
  164  10:54  Terran Infantry Armor Level 2  
  164  10:56  Marine  
  165  11:08  Marine  
  165  11:09  SCV x2  
  170  11:12  Bunker, Refinery  
  170  11:15  Sensor Tower  
  170  11:16  Barracks Reactor  
  170  11:17  Barracks Reactor  
  169  11:19  Barracks Reactor, Marine  
  169  11:21  Marine  
  162  11:26  Marine  
  162  11:32  Supply Depot  
  163  11:37  Command Center, Marine  
  163  11:38  Marine  
  152  11:41  Siege Tank  
  152  11:44  Marine  
  144  11:47  Medivac x2  
  144  11:53  Marine  
  149  11:54  Marine x4  
  149  11:55  Marine x2  
  149  11:56  Marine  
  156  12:01  Marine  
  156  12:02  Supply Depot  
  157  12:11  Marine  
  157  12:12  Marine x4  
  157  12:13  Marine  
  157  12:14  Marine, Factory  
  164  12:18  Terran Vehicle Weapons Level 1  
  164  12:25  Marine  
  164  12:26  Marine  
  164  12:27  Siege Tank  
  164  12:29  Marine  
  156  12:54  Marine x2  
  149  13:00  Marine  
  141  13:07  Marine  
  141  13:08  Marine  
  141  13:09  Marine x4, Siege Tank  
  139  13:15  Medivac x2  
  143  13:21  Marine  
  143  13:22  Factory Tech Lab  
  143  13:23  Terran Infantry Weapons Level 3, Terran Infantry Armor Level 3  
  143  13:25  Supply Depot  
  144  13:28  Marine x7  
  144  13:29  Sensor Tower  
  144  13:33  Missile Turret  
  151  13:38  SCV x3  
  151  13:39  Marine x2  
  156  13:42  Siege Tank  
  156  13:44  Siege Tank  
  156  13:46  Marine x2  
  156  13:47  Marine x2  
  166  13:58  Viking x2  
  166  13:59  Planetary Fortress  
  166  14:00  Marine  
  166  14:01  Marine  
  166  14:02  Marine  
  173  14:07  Marine  
  173  14:09  Marine x3  
  177  14:10  Marine  
  177  14:11  Marine  
  179  14:18  Marine  
  179  14:21  Marine, Siege Tank x2  
  179  14:22  Marine  
  188  14:25  Marine  
  189  14:31  Marine  
  189  14:38  SCV  
  189  14:39  SCV  
  189  14:40  SCV x2  
  189  14:50  SCV  
  190  14:54  Marine x3  
  190  14:55  Siege Tank  
  190  14:56  Marine x2  
  190  14:59  Terran Vehicle Weapons Level 2  
  198  15:02  Marine x2  
  200  15:08  Command Center  
  198  15:58  Marine  
  181  16:04  Marine  
  166  16:15  Marine x6  
  166  16:16  Marine, Siege Tank  
  164  16:22  Marine  
  164  16:24  SCV x2  
  152  16:29  Orbital Command  
  152  16:30  Command Center  
  152  16:31  SCV x2  
  154  16:32  Marine  
  154  16:33  Marine x5  
  154  16:34  Marine  
  154  16:36  SCV x2, Command Center  
  162  16:40  Marine  
  162  16:41  Siege Tank  
  162  16:43  Viking x2, SCV x2  
  172  16:48  SCV x2  
  172  16:50  Marine  
  172  16:51  Marine x3  
  172  16:52  Marine  
  172  16:53  Marine x2  
  181  16:54  Siege Tank  
  181  16:57  Marine  
  181  17:08  Marine x2  
  178  17:09  Marine x2  
  178  17:10  Marine x3  
  178  17:13  Viking, Sensor Tower, Siege Tank  
  190  17:15  Marine  
  190  17:16  Barracks  
  191  17:26  Marine x2  
  169  17:42  Marine  
  169  17:43  Marine  
  162  17:46  Siege Tank x2  
  162  17:48  Marine x2  
  162  17:50  Missile Turret  
  162  17:51  Viking x2, Marine x2  
  171  17:54  Marine x2  
  171  17:57  Orbital Command  
  178  18:03  SCV  
  179  18:10  Sensor Tower  
  179  18:18  Siege Tank x2  
  179  18:19  Barracks Reactor x2  
  185  18:20  Marine x2  
  187  18:27  Planetary Fortress  
  187  18:37  Liberator x2  
  187  18:39  Marine x2  
  194  18:47  Marine  
  194  18:48  Marine x4  
  193  18:50  Siege Tank x2  
  199  18:56  Marine  
  195  19:05  Marine  
  196  19:15  Command Center  
  190  19:20  Viking x2  
Show
View Real Time Build Order
Export as new Build Order

uwuThermal Terran 

Build Orders: Gas First Reaper Expand, Liberator Opening 

Get SALT Encoding   

  12  0:00  SCV  
  13  0:12  SCV  
  14  0:17  Supply Depot  
  14  0:24  SCV  
  14  0:27  Refinery  
  15  0:38  SCV  
  16  0:44  Barracks  
  16  0:50  SCV  
  17  1:02  SCV  
  18  1:15  SCV  
  19  1:32  Reaper, Orbital Command  
  20  1:45  Command Center  
  20  1:58  SCV  
  21  2:03  Factory  
  21  2:05  Barracks Reactor  
  21  2:10  SCV  
  21  2:13  Supply Depot  
  22  2:22  SCV  
  23  2:35  SCV  
  24  2:39  Refinery  
  24  2:47  SCV  
  24  2:48  Starport  
  25  2:53  Hellion x2  
  30  3:00  Orbital Command  
  30  3:01  SCV  
  30  3:13  SCV  
  30  3:14  Hellion x2  
  30  3:19  Supply Depot  
  35  3:25  SCV  
  36  3:27  Liberator  
  40  3:36  Hellion  
  40  3:37  Hellion  
  40  3:39  SCV  
  44  3:42  SCV  
  44  3:46  Supply Depot  
  45  3:51  SCV  
  45  3:54  SCV  
  47  3:58  Hellion x2  
  47  4:00  Barracks Tech Lab  
  51  4:03  SCV  
  51  4:04  Refinery  
  51  4:06  SCV  
  53  4:14  Supply Depot  
  53  4:15  SCV  
  54  4:18  SCV  
  50  4:27  SCV  
  50  4:30  Factory Tech Lab  
  50  4:31  Raven  
  51  4:32  Marine x2  
  51  4:34  SCV  
  54  4:39  SCV  
  51  4:46  SCV  
  51  4:50  Marine  
  42  4:54  SCV  
  42  4:56  Marine  
  42  4:59  SCV  
  41  5:07  SCV  
  41  5:08  Marine  
  41  5:11  SCV  
  41  5:14  Marine  
  45  5:19  SCV  
  43  5:23  SCV  
  43  5:26  Marine  
  40  5:31  SCV, Marine  
  42  5:36  Siege Tank  
  42  5:40  SCV  
  46  5:44  Marine  
  46  5:45  SCV  
  46  5:49  Marine  
  49  5:52  SCV  
  50  5:57  SCV  
  50  6:00  Command Center  
  51  6:05  SCV  
  51  6:09  SCV, Starport Reactor, Siege Tank  
  55  6:17  SCV  
  56  6:23  SCV  
  59  6:29  SCV  
  55  6:34  Barracks  
  55  6:35  SCV, Barracks  
  55  6:38  Marine  
  55  6:39  Stimpack  
  55  6:41  SCV, Siege Tank  
  55  6:47  SCV, Refinery  
  59  6:53  SCV, Starport Reactor  
  61  6:55  Marine  
  61  6:57  Engineering Bay  
  61  6:58  Engineering Bay  
  61  6:59  SCV  
  63  7:05  SCV  
  64  7:11  Orbital Command  
  64  7:12  SCV  
  64  7:13  Marine, Siege Tank  
  69  7:18  SCV  
  69  7:21  Marine x2  
  72  7:24  SCV  
  72  7:25  Terran Infantry Weapons Level 1, Terran Infantry Armor Level 1  
  72  7:27  Supply Depot  
  72  7:29  Marine x2  
  75  7:30  SCV  
  75  7:31  Marine  
  75  7:33  Medivac  
  75  7:35  Medivac  
  81  7:39  Marine  
  81  7:40  SCV, Marine  
  84  7:45  Supply Depot  
  84  7:46  Supply Depot  
  84  7:48  Siege Tank  
  87  7:52  SCV  
  87  7:54  SCV  
  87  7:55  Marine x3  
  90  8:03  Supply Depot, Marine  
  90  8:04  Supply Depot  
  90  8:05  Medivac  
  93  8:07  Orbital Command  
  93  8:13  Medivac  
  93  8:17  Marine  
  96  8:22  Barracks  
  96  8:23  Barracks  
  96  8:24  Marine  
  96  8:25  Marine x2  
  96  8:26  Marine  
  100  8:31  SCV x2  
  101  8:34  Marine  
  102  8:42  Marine  
  102  8:43  Marine x2  
  102  8:45  Siege Tank  
  98  8:49  Marine  
  98  8:53  Medivac  
  101  9:00  Marine  
  101  9:02  Armory  
  101  9:07  Marine x2  
  101  9:08  Combat Shield  
  97  9:12  SCV, Marine  
  97  9:17  Barracks Reactor x2, Siege Tank  
  97  9:18  Marine  
  97  9:21  Marine  
  98  9:25  Marine  
  99  9:34  Medivac  
  99  9:35  Medivac, Marine  
  99  9:36  Marine  
  105  9:39  Marine  
  107  9:48  SCV  
  109  9:54  Terran Infantry Weapons Level 2  
  107  10:02  Terran Infantry Armor Level 2  
  107  10:05  Orbital Command  
  107  10:07  Marine x2  
  107  10:11  Marine  
  110  10:19  Siege Tank  
  112  10:21  Marine  
  112  10:24  Marine  
  112  10:28  Marine x2  
  113  10:32  Marine x3  
  116  10:37  Marine  
  116  10:38  Marine  
  116  10:41  Marine  
  119  10:49  Supply Depot, Sensor Tower  
  119  10:52  Siege Tank  
  119  10:53  Marine  
  123  11:00  Marine x2  
  125  11:11  Supply Depot, Marine x2  
  125  11:13  Medivac, Supply Depot  
  125  11:14  Supply Depot x2  
  129  11:21  Marine  
  129  11:24  Siege Tank  
  129  11:25  Marine  
  131  11:26  Marine x2  
  131  11:28  Supply Depot x2  
  124  11:42  Medivac  
  124  11:45  Marine x3  
  124  11:46  Refinery  
  124  11:49  Marine  
  124  11:52  Marine  
  124  11:53  Medivac, Marine  
  129  11:56  Siege Tank  
  129  11:57  SCV, Marine  
  129  11:58  Command Center  
  134  12:02  Marine  
  134  12:03  Sensor Tower  
  134  12:04  Marine  
  136  12:12  Marine  
  137  12:16  Terran Infantry Weapons Level 3  
  137  12:17  Marine  
  131  12:28  Siege Tank  
  131  12:40  Marine x3  
  133  12:44  Terran Infantry Armor Level 3  
  133  12:45  Marine x2  
  133  12:50  Marine x3  
  133  12:51  Marine  
  137  12:58  Marine  
  132  13:01  Marine x2, Siege Tank  
  132  13:03  Marine  
  132  13:04  Marine  
  133  13:08  Marine x2  
  133  13:09  SCV  
  133  13:10  Marine x2  
  114  13:14  Starport  
  114  13:15  Marine  
  114  13:18  SCV  
  114  13:19  Marine x2  
  118  13:21  SCV  
  119  13:28  Marine  
  119  13:30  SCV  
  119  13:31  Marine x2  
  119  13:33  SCV  
  124  13:35  Planetary Fortress  
  124  13:39  Marine  
  124  13:40  Marine  
  126  13:43  SCV  
  126  13:44  Marine  
  126  13:45  SCV  
  126  13:48  Marine  
  130  13:49  Missile Turret  
  130  13:52  Marine  
  130  13:55  SCV, Marine  
  132  13:56  Siege Tank  
  132  14:02  SCV  
  137  14:05  Marine  
  137  14:06  Marine  
  137  14:07  SCV  
  137  14:08  Marine  
  137  14:09  Supply Depot, Marine x2  
  143  14:10  Marine  
  143  14:11  Marine  
  143  14:14  SCV x2, Marine  
  148  14:19  SCV  
  148  14:23  Marine  
  150  14:24  Marine  
  150  14:27  Marine x2  
  150  14:29  Siege Tank  
  156  14:35  Marine  
  157  14:39  Medivac, Marine x2  
  157  14:42  Supply Depot  
  157  14:43  SCV, Marine  
  162  14:45  Command Center  
  162  14:46  Medivac  
  162  14:49  SCV  
  162  14:50  Marine x2  
  157  14:54  Marine  
  157  14:55  SCV  
  157  14:57  Marine x2  
  157  14:59  Marine  
  162  15:00  SCV  
  162  15:01  Marine x2  
  162  15:04  SCV  
  165  15:08  Marine  
  165  15:09  Marine  
  165  15:12  Marine, Siege Tank  
  171  15:19  Marine x3  
  171  15:20  Medivac  
  176  15:22  Marine x2  
  176  15:28  Marine x2  
  178  15:30  Marine  
  178  15:34  Supply Depot  
  181  15:37  Marine x3  
  181  15:40  Marine  
  185  15:43  Marine  
  185  15:46  Marine  
  185  15:48  Medivac  
  189  15:55  Marine x2  
  191  15:59  Marine  
  191  16:00  Marine  
  191  16:01  Marine x2  
  172  16:13  Marine x2  
  172  16:17  Marine  
  158  16:18  Marine x2  
  135  16:27  Medivac x2, Barracks  
  135  16:28  Barracks  
  135  16:31  Marine x2  
  137  16:35  Marine  
  137  16:36  Marine x2  
  130  16:49  Marine  
  130  16:51  SCV x3  
  136  16:54  Marine x2  
  136  16:55  SCV  
  136  16:58  Barracks  
  136  17:00  Viking, Missile Turret  
  138  17:03  SCV  
  138  17:04  Viking  
  138  17:06  Marine  
  140  17:12  Marine x2  
  139  17:16  Marine x2  
  141  17:24  Marine  
  141  17:29  Marine  
  142  17:30  Marine  
  142  17:34  Marine x2  
  142  17:42  Marine  
  131  17:47  SCV, Marine x2  
  131  17:48  Supply Depot x2, Factory  
  131  17:49  Medivac x2  
  131  17:50  Marine  
  139  17:52  Planetary Fortress, Marine x2  
  139  17:53  SCV  
  142  18:00  Marine  
  142  18:02  Supply Depot  
  142  18:05  Marine x2  
  143  18:07  Marine  
  143  18:10  Marine x2  
  143  18:15  Refinery  
  143  18:16  Refinery  
  143  18:18  Medivac, Marine  
  146  18:23  Marine x2  
  146  18:25  SCV, Supply Depot x2, Marine  
  150  18:27  Marine  
  150  18:28  Marine  
  152  18:36  Marine  
  152  18:37  Medivac  
  152  18:41  Marine x2  
  154  18:43  Marine  
  154  18:45  Marine x2  
  153  18:48  Medivac  
  153  18:53  Marine  
  152  18:59  Marine x2  
  152  19:01  Marine  
  151  19:03  Marine x2  
  151  19:06  Factory Tech Lab  
  153  19:11  Marine  
  153  19:16  Marine x2  
  134  19:19  Marine  
  134  19:21  Marine x2  
  134  19:29  Marine  

Tags
 
Add a new tag
Caveats
  • Supply blocks, unpowered buildings, or Contaminate may cause inaccurate times.
  • Supply counts are checked every 10 seconds.